[Event "Titled Tuesday Blitz March 28 Early 2023"]
[White "Aveskulov, Valeriy"]
[Black "BeReal24"]
[WhiteFideId "14109743"]
[WhiteElo "2552"]
[BlackElo "2317"]
[Result "1-0"]
[Round "01"]
[TimeControl "180+2"]
[Date "2023.03.28"]
[WhiteClock "0:00:14"]
[BlackClock "0:00:18"]

1. e4 c5 2. Nf3 d6 3. d4 cxd4 4. Nxd4 Nf6 5. Nc3 a6 6. Be2 e5 7. Nb3 Be7 8. Bg5 Be6 9. Bxf6 Bxf6 10. Qd3 Nc6 11. O-O-O Be7 12. Kb1 O-O 13. Nd5 Bxd5 14. exd5 Nb4 15. Qd2 a5 16. a3 Na6 17. Qxa5 Qd7 18. Qb6 Rfc8 19. Bxa6 Rxa6 20. Qe3 Bd8 21. f3 b5 22. c3 Qb7 23. Nc1 Ra4 24. Na2 Rac4 25. Nb4 Bb6 26. Qe2 Bc5 27. Nc6 Kh8 28. h4 Ra8 29. h5 Qa6 30. h6 g6 31. Rhe1 Qa4 32. Nxe5 Bxa3 33. Nxc4 Rf8 34. Qe7 Kg8 35. Qf6 1-0


[Site "https://www.chess.com"]

[Event "Titled Tuesday Blitz March 28 Early 2023"]
[White "Xu, Daniel"]
[Black "Malek, Jan"]
[WhiteFideId "2627345"]
[BlackFideId "21864080"]
[WhiteElo "1980"]
[BlackElo "2255"]
[Result "0-1"]
[Round "01"]
[TimeControl "180+2"]
[Date "2023.03.28"]
[WhiteClock "0:00:05"]
[BlackClock "0:00:19"]

1. e4 c5 2. Nf3 Nc6 3. d4 cxd4 4. Nxd4 g6 5. Nc3 Bg7 6. Be3 Nf6 7. Bc4 O-O 8. Bb3 Re8 9. O-O d6 10. h3 Bd7 11. Re1 Rc8 12. Qd2 a6 13. Rad1 Na5 14. Nf3 Nc4 15. Bxc4 Rxc4 16. e5 Ne4 17. Nxe4 Rxe4 18. exd6 Qc8 19. dxe7 R8xe7 20. Bg5 Rxe1+ 21. Rxe1 Rxe1+ 22. Nxe1 Bxb2 23. Nd3 Bc3 24. Qf4 Bf5 25. g4 Bxd3 26. cxd3 Kg7 27. Bh6+ Kg8 28. Bg5 Qe6 29. Qb8+ Kg7 30. Qxb7 Qxa2 31. Qc6 Bd4 32. Qf3 a5 33. Be3 Qa1+ 34. Kg2 a4 35. Bxd4+ Qxd4 36. Qe2 a3 37. h4 Qb2 38. Qe3 a2 39. h5 Qb7+ 40. Kg3 a1=Q 41. h6+ Kf8 42. Qc5+ Ke8 43. Qe3+ Kd7 0-1


[Site "https://www.chess.com"]

[Event "Titled Tuesday Blitz March 28 Early 2023"]
[White "Annaberdiyev, Meylis"]
[Black "Gronnestad, Anita"]
[WhiteFideId "14000563"]
[BlackFideId "1502972"]
[WhiteElo "2416"]
[BlackElo "1939"]
[Result "1-0"]
[Round "01"]
[TimeControl "180+2"]
[Date "2023.03.28"]
[WhiteClock "0:00:54"]
[BlackClock "0:00:11"]

1. e4 c6 2. d4 d5 3. e5 c5 4. dxc5 e6 5. Qg4 Nc6 6. Nf3 Nge7 7. Bd3 Ng6 8. Qg3 Bxc5 9. O-O O-O 10. Nbd2 Qc7 11. Nb3 Bb6 12. Re1 a5 13. a4 Nb4 14. Nbd4 Nxd3 15. cxd3 Bd7 16. h4 Kh8 17. h5 Ne7 18. h6 g6 19. Bg5 Nf5 20. Nxf5 exf5 21. Rac1 Bc6 22. Be3 Bxe3 23. Rxe3 Rae8 24. Qh4 Qe7 25. Qd4 g5 26. e6+ f6 27. Nxg5 f4 28. Nf7+ Rxf7 29. exf7 fxe3 30. fxe8=Q+ Bxe8 31. Qxe3 Qf7 32. Rc8 1-0


[Site "https://www.chess.com"]

[Event "Titled Tuesday Blitz March 28 Early 2023"]
[White "Mika, Tomasz"]
[Black "Rostomyan, Mikayel"]
[WhiteFideId "1132970"]
[BlackFideId "13313754"]
[WhiteElo "2179"]
[BlackElo "2009"]
[Result "0-1"]
[Round "01"]
[TimeControl "180+2"]
[Date "2023.03.28"]
[WhiteClock "0:01:26"]
[BlackClock "0:01:32"]

1. Nf3 d5 2. c4 d4 3. b4 c5 4. Bb2 Nf6 5. bxc5 Nc6 6. e3 e5 7. exd4 exd4 8. d3 Bxc5 9. Be2 O-O 10. O-O Re8 11. Nbd2 Bf5 12. Nb3 b6 13. Re1 Qd6 14. Nxc5 bxc5 15. Qa4 Nb4 16. Rad1 a5 17. a3 Bd7 18. Qb3 a4 0-1


[Site "https://www.chess.com"]

[Event "Titled Tuesday Blitz March 28 Early 2023"]
[White "Rozman, Levy"]
[Black "Alahakoon, Isuru"]
[WhiteFideId "2039877"]
[BlackFideId "9900993"]
[WhiteElo "2376"]
[BlackElo "1995"]
[Result "1/2-1/2"]
[Round "01"]
[TimeControl "180+2"]
[Date "2023.03.28"]
[WhiteClock "0:00:33"]
[BlackClock "0:00:15"]

1. e4 d5 2. exd5 Nf6 3. Bb5+ Bd7 4. Bxd7+ Qxd7 5. c4 c6 6. Nc3 cxd5 7. cxd5 Nxd5 8. Nf3 Nc6 9. O-O e6 10. d4 Be7 11. Re1 O-O 12. Be3 Rac8 13. Rc1 Bf6 14. Ne4 Rfd8 15. a3 Be7 16. Qe2 Nf6 17. Ng3 h6 18. Red1 Na5 19. b4 Rxc1 20. Rxc1 Nc6 21. h3 a6 22. Qc4 Qd5 23. Ne2 Qxc4 24. Rxc4 Ne4 25. Kf1 Nd6 26. Rc1 Nb5 27. Ra1 Bf6 28. a4 Nbxd4 29. Nexd4 Nxd4 30. Bxd4 Bxd4 31. Rc1 Bf6 32. Ke2 Rd7 33. Rc2 g6 34. Nd2 Be7 35. Rc4 b5 36. axb5 axb5 37. Re4 Ra7 38. Nb3 Ra4 39. Re5 Rxb4 40. Na5 Rb2+ 41. Kf3 Bf6 42. Re4 Ra2 43. Nc6 Kg7 44. g4 Ra3+ 45. Kg2 Ra4 46. Re3 b4 47. Rd3 Ra3 48. Nxb4 Rxd3 49. Nxd3 h5 50. Kf3 hxg4+ 51. Kxg4 Be7 52. Ne5 Bf6 53. Nc6 Bb2 54. Nb4 Bc3 55. Nc2 Bf6 56. Kf3 Be7 57. Ke4 Bf6 58. f3 Be7 59. Ne3 Bf6 60. Kf4 Be7 61. Kg4 Bf6 62. Nc4 Be7 63. Nb2 Bf6 64. Nd3 Be7 65. Nf4 Bf6 66. Ng2 Be7 67. Ne1 Bf6 68. Nc2 Be7 69. Ne3 Bf6 70. Nc4 Be7 71. Na5 f5+ 72. Kg3 Bd6+ 73. Kg2 Kf6 74. Nc4 Bc7 75. Nd2 g5 76. Nb3 Bb6 77. Nd2 e5 78. Nc4 Bd4 79. Nd6 Ke6 80. Ne8 Kf7 81. Nd6+ Ke6 82. Ne8 Kf7 83. Nd6+ Ke6 1/2-1/2


[Site "https://www.chess.com"]

[Event "Titled Tuesday Blitz March 28 Early 2023"]
[White "Idnani, Roshan"]
[Black "Perez Gormaz, Matias"]
[WhiteFideId "2072939"]
[BlackFideId "3406342"]
[WhiteElo "2309"]
[BlackElo "2362"]
[Result "0-1"]
[Round "01"]
[TimeControl "180+2"]
[Date "2023.03.28"]
[WhiteClock "0:01:36"]
[BlackClock "0:01:28"]

1. e4 c5 2. Nf3 e6 3. b3 Nc6 4. Bb2 Qc7 5. g3 Nf6 6. Nc3 a6 7. a4 d6 8. Bg2 b6 9. O-O Bb7 10. d4 cxd4 11. Nxd4 Nxd4 12. Qxd4 Be7 13. Rac1 O-O 14. h3 Rac8 15. Kh2 Rfd8 16. Rfd1 Bc6 17. f4 e5 18. fxe5 dxe5 19. Qe3 Bc5 20. Qe2 Bd4 21. Rd3 Rd7 22. Rcd1 Rcd8 23. g4 h6 24. Rg3 b5 25. axb5 axb5 26. g5 hxg5 27. Rxg5 Bxc3 28. Rxd7 Bxd7 0-1


[Site "https://www.chess.com"]

[Event "Titled Tuesday Blitz March 28 Early 2023"]
[White "Hardaway, Brewington"]
[Black "Sarkar, Justin"]
[WhiteFideId "30941849"]
[BlackFideId "2010011"]
[WhiteElo "2159"]
[BlackElo "2189"]
[Result "1-0"]
[Round "01"]
[TimeControl "180+2"]
[Date "2023.03.28"]
[WhiteClock "0:01:25"]
[BlackClock "0:00:04"]

1. d4 Nf6 2. c4 e6 3. Nf3 c5 4. d5 d6 5. Nc3 exd5 6. cxd5 g6 7. e4 Bg7 8. Be2 O-O 9. O-O Re8 10. Qc2 Na6 11. Bf4 Nc7 12. a4 Ng4 13. h3 Ne5 14. Nxe5 Bxe5 15. Bxe5 dxe5 16. Rad1 Qd6 17. Qc1 Bd7 18. f4 exf4 19. Qxf4 Qxf4 20. Rxf4 Re5 21. Rdf1 f5 22. Bc4 Kg7 23. exf5 Rxf5 24. Rxf5 Bxf5 25. g4 Bd7 26. d6 Ne6 27. Ne4 Rd8 28. Rf6 1-0


[Site "https://www.chess.com"]

[Event "Titled Tuesday Blitz March 28 Early 2023"]
[White "Skaric, Djuro"]
[Black "Poormosavi, Seyed Kian"]
[WhiteFideId "934569"]
[BlackFideId "12585807"]
[WhiteElo "2282"]
[BlackElo "2334"]
[Result "0-1"]
[Round "01"]
[TimeControl "180+2"]
[Date "2023.03.28"]
[WhiteClock "0:00:33"]
[BlackClock "0:01:30"]

1. g3 Nf6 2. Bg2 g6 3. d3 Bg7 4. e4 O-O 5. Nc3 c5 6. f4 Nc6 7. Nf3 d5 8. O-O dxe4 9. dxe4 Nd4 10. e5 Ne8 11. Nxd4 cxd4 12. Nb5 f6 13. Re1 fxe5 14. fxe5 Qa5 15. c4 dxc3 16. Nxc3 Be6 17. Nd5 Rd8 18. Nxe7+ Kh8 19. Bd2 Qc5+ 20. Kh1 Qxe7 21. Qe2 Nc7 22. a3 Nd5 23. Rac1 Rd7 24. h4 h6 25. Qb5 Rfd8 26. h5 g5 27. Qe2 Rf8 28. g4 Nf4 29. Bxf4 Rxf4 30. Rc8+ Rd8 31. Rxd8+ Qxd8 32. Bxb7 Bxg4 33. Qg2 Bxh5 34. e6 Rh4+ 35. Kg1 Bd4+ 36. Kf1 Qf6+ 37. Bf3 Bxf3 38. e7 Bxg2+ 39. Kxg2 Qf2# 0-1


[Site "https://www.chess.com"]

[Event "Titled Tuesday Blitz March 28 Early 2023"]
[White "Alvarez Calzadilla, Jose Avelino"]
[Black "Coelho, Ramyres Santana"]
[WhiteFideId "3526151"]
[BlackFideId "2120690"]
[WhiteElo "2310"]
[BlackElo "1888"]
[Result "1-0"]
[Round "01"]
[TimeControl "180+2"]
[Date "2023.03.28"]
[WhiteClock "0:00:24"]
[BlackClock "0:00:01"]

1. d4 Nf6 2. Nf3 g6 3. c4 Bg7 4. Nc3 d6 5. g3 O-O 6. Bg2 Nc6 7. O-O e5 8. d5 Ne7 9. e4 Nd7 10. Ne1 f5 11. f3 f4 12. g4 h5 13. h3 hxg4 14. hxg4 Kf7 15. Nd3 g5 16. b4 Ng6 17. a4 Rh8 18. Kf2 Nh4 19. Ba3 Nxg2 20. Kxg2 Nf6 21. Nf2 Qe7 22. Qb3 Bd7 23. Rh1 Rh4 24. Rxh4 gxh4 25. Rh1 Rh8 26. c5 h3+ 27. Rxh3 Rxh3 28. Nxh3 Nxg4 29. fxg4 Bxg4 30. Nf2 f3+ 31. Kf1 Qh4 32. Ncd1 Bh3+ 33. Ke1 Bg2 34. cxd6 cxd6 35. Qc2 Kg6 36. Qc8 Qf4 37. Bc1 Qf7 38. Qg4+ Kh7 39. Qh4+ Kg8 40. Ng4 Qg6 41. Ndf2 Kf7 42. Bh6 Kg8 43. Bxg7 Kxg7 44. Qe7+ Kh8 45. Nf6 Qg7 46. Qe8+ 1-0


[Site "https://www.chess.com"]

[Event "Titled Tuesday Blitz March 28 Early 2023"]
[White "sebastianmarinp"]
[Black "Ismagilov, Damir"]
[BlackFideId "34199982"]
[WhiteElo "2304"]
[BlackElo "2078"]
[Result "0-1"]
[Round "01"]
[TimeControl "180+2"]
[Date "2023.03.28"]
[WhiteClock "0:00:11"]
[BlackClock "0:00:09"]

1. e4 Nc6 2. Nf3 e5 3. Bb5 a6 4. Ba4 d6 5. c3 Nf6 6. d4 exd4 7. cxd4 Bd7 8. Nc3 Be7 9. O-O O-O 10. h3 Na7 11. Bc2 Nb5 12. e5 dxe5 13. dxe5 Nxc3 14. bxc3 Ne8 15. Qd3 g6 16. Rd1 Bc6 17. Qc4 Qc8 18. Ng5 Ng7 19. Qh4 h5 20. Qg3 Nf5 21. Qf4 Bd7 22. Ne4 Be6 23. Nf6+ Bxf6 24. exf6 Rd8 25. Re1 Rd6 26. Ba3 c5 27. Qe5 Rd5 28. Qf4 b6 29. Rxe6 Qxe6 30. Qg5 Rd6 31. Bb2 Qxf6 32. Qf4 c4 33. Rb1 b5 34. Bc1 Rad8 35. Be3 Nxe3 36. Qxe3 Qe6 37. Qf3 Rd2 38. Be4 Re8 39. Re1 Qc8 40. Qf4 Qd8 41. f3 Rd1 42. Kf2 Qd2+ 43. Re2 Qxf4 44. g3 Qd6 45. g4 Qc5+ 46. Kg3 Rg1+ 47. Kf4 Qd6+ 48. Ke3 f5 49. gxf5 gxf5 50. Rg2+ Rxg2 0-1


[Site "https://www.chess.com"]

[Event "Titled Tuesday Blitz March 28 Early 2023"]
[White "Vaibhav Jayant Raut"]
[Black "Onslow, Alfie"]
[WhiteFideId "5089034"]
[BlackFideId "436976"]
[WhiteElo "2156"]
[BlackElo "2114"]
[Result "0-1"]
[Round "01"]
[TimeControl "180+2"]
[Date "2023.03.28"]
[WhiteClock "0:00:05"]
[BlackClock "0:00:06"]

1. d4 Nf6 2. Nf3 c5 3. d5 b5 4. a4 b4 5. c4 d6 6. b3 g6 7. Bb2 Bg7 8. Nbd2 O-O 9. g3 e6 10. dxe6 fxe6 11. Bg2 Bb7 12. O-O Nbd7 13. Qc2 Qe7 14. Rad1 d5 15. Ne5 Nxe5 16. Bxe5 d4 17. Nf3 Ng4 18. Bxg7 Qxg7 19. h3 Ne5 20. Nxe5 Bxg2 21. Kxg2 Qxe5 22. Rfe1 Qf5 23. Qxf5 Rxf5 24. e3 e5 25. exd4 exd4 26. Re7 Raf8 27. Rd2 R8f7 28. Re8+ Kg7 29. Ra8 Rf3 30. Rxa7 Rxb3 31. Ra5 Rc7 32. Ra8 Rc3 33. a5 b3 34. a6 Rc2 35. Rd3 Rc3 36. Rd2 Rxc4 37. Rb8 Ra4 38. Rxb3 Rxa6 39. Rb1 Rd6 40. Rc1 c4 41. f4 Kf6 42. Kf3 d3 43. Rc3 Rd4 44. Ke3 Rcd7 45. Ra3 R4d6 46. Kf3 Re7 47. Rc3 Rc7 48. g4 h6 49. h4 g5 50. hxg5+ hxg5 51. f5 Rdd7 52. Rd1 Rd4 53. Rh1 Rf4+ 54. Kg3 Re7 55. Rh6+ Kg7 56. Rc6 Re3+ 57. Kg2 Rxg4+ 58. Kf2 Re2+ 59. Kf3 Rf4+ 60. Kg3 Re3+ 61. Kg2 Rxf5 62. Rc7+ Kg6 63. R7xc4 Re2+ 64. Kg3 d2 65. Rd3 Rff2 66. Rcd4 Rg2+ 67. Kh3 Rh2+ 68. Kg3 Reg2+ 69. Kf3 Rf2+ 70. Ke4 Rh4+ 71. Kd5 Rxd4+ 72. Kxd4 Kh5 73. Ke3 Rh2 74. Ke4 Rh4+ 75. Kf5 Rh2 76. Rd8 Rf2+ 77. Ke4 Kg4 78. Ke3 Rh2 79. Rd4+ Kg3 80. Rd5 g4 81. Rd8 Rg2 82. Rd7 Rf2 83. Rd8 Kg2 84. Rg8 g3 85. Rd8 Kg1 86. Rg8 g2 87. Rd8 Kf1 88. Ra8 g1=Q 89. Ra1+ Kg2 90. Rxg1+ Kxg1 91. Kd3 d1=Q+ 92. Kc3 Rc2+ 93. Kb4 Qb1+ 94. Ka3 Ra2# 0-1


[Site "https://www.chess.com"]

[Event "Titled Tuesday Blitz March 28 Early 2023"]
[White "Karthik Sai Ch"]
[Black "Itgelt, Khuyagtsogt"]
[WhiteFideId "46649484"]
[BlackFideId "4902912"]
[WhiteElo "2003"]
[BlackElo "2227"]
[Result "1-0"]
[Round "01"]
[TimeControl "180+2"]
[Date "2023.03.28"]
[WhiteClock "0:00:29"]
[BlackClock "0:00:01"]

1. d4 Nf6 2. Nf3 g6 3. Nc3 d5 4. Bf4 Bg7 5. e3 O-O 6. Be2 c5 7. dxc5 Qa5 8. Nd2 Qxc5 9. Nb3 Qc6 10. Nb5 Na6 11. O-O Bd7 12. a4 Nc5 13. N3d4 Qc8 14. h4 a6 15. Nc7 Ra7 16. Bh2 b6 17. b4 Nxa4 18. Bxa6 Rxa6 19. Nxa6 Qxa6 20. b5 Qa5 21. c4 Ra8 22. Qb3 Ne4 23. Ra3 Nd2 24. Qc2 Nxf1 25. Kxf1 Bxd4 26. exd4 dxc4 27. Be5 Bxb5 28. Kg1 f6 29. Bf4 Qb4 30. Rg3 Be8 31. h5 Qb2 32. Qe4 1-0


[Site "https://www.chess.com"]

[Event "Titled Tuesday Blitz March 28 Early 2023"]
[White "Aaditya Dhingra"]
[Black "Rosenberg, Evan S"]
[WhiteFideId "25678191"]
[BlackFideId "2019299"]
[WhiteElo "2083"]
[BlackElo "2298"]
[Result "1-0"]
[Round "01"]
[TimeControl "180+2"]
[Date "2023.03.28"]
[WhiteClock "0:00:05"]
[BlackClock "0:00:03"]

1. Nf3 d5 2. c4 d4 3. b4 f6 4. g3 e5 5. Qb3 a5 6. b5 a4 7. Qc2 Nd7 8. Bg2 Nc5 9. d3 Ne7 10. O-O Ng6 11. Re1 Be7 12. Ba3 O-O 13. Nbd2 Bf5 14. Rad1 Qd7 15. Qc1 Rae8 16. Rf1 b6 17. Ne1 Qc8 18. Nc2 Bh3 19. Bd5+ Kh8 20. Rfe1 f5 21. Nb4 f4 22. Bf3 fxg3 23. hxg3 Bg5 24. Nd5 Rxf3 25. exf3 Nxd3 26. Qc2 Nxe1 27. Rxe1 Bxd2 28. Qxd2 Qf5 29. f4 d3 30. f3 e4 31. Qe3 h5 32. fxe4 Qg4 33. Qxd3 h4 34. Kh2 Rd8 35. Bb2 Nxf4 36. Qc3 hxg3+ 37. Qxg3 Nxd5 38. cxd5 Qxg3+ 39. Kxg3 Bd7 40. Rc1 Bxb5 41. Rxc7 Bd3 42. Rxg7 Rg8 43. Rg4+ Kh7 44. Rxg8 Kxg8 45. Kf4 a3 46. Bxa3 Bb1 47. Bb2 Bxa2 48. Ke5 Kf7 49. Kd4 b5 50. Ba3 Bc4 51. e5 Ke8 52. e6 Kd8 53. Ke5 Ke8 54. Bb4 Kd8 55. d6 Bxe6 56. Kxe6 Ke8 57. d7+ Kd8 58. Ba5# 1-0


[Site "https://www.chess.com"]

[Event "Titled Tuesday Blitz March 28 Early 2023"]
[White "Seresin, Francesco"]
[Black "Al-Tarboush, Ward"]
[WhiteFideId "886335"]
[BlackFideId "7601450"]
[WhiteElo "2219"]
[BlackElo "2257"]
[Result "0-1"]
[Round "01"]
[TimeControl "180+2"]
[Date "2023.03.28"]
[WhiteClock "0:00:36"]
[BlackClock "0:00:31"]

1. d4 d5 2. c4 c6 3. cxd5 cxd5 4. Nc3 Nf6 5. Bf4 Nc6 6. e3 Bg4 7. Qb3 Na5 8. Qa4+ Bd7 9. Qc2 e6 10. Nf3 Be7 11. Bd3 Nc6 12. a3 Nh5 13. Bg3 f5 14. Be5 O-O 15. h3 Nf6 16. g4 Ne4 17. gxf5 exf5 18. Nxd5 Qa5+ 19. Kf1 Kh8 20. Nxe7 Nxe7 21. Rg1 Ng6 22. h4 Rac8 23. Qe2 Be6 24. h5 Nxe5 25. Nxe5 Nd2+ 26. Kg2 Bd5+ 27. Kh2 f4 28. Qg4 Rc7 29. Rac1 fxe3 30. fxe3 Nf3+ 31. Nxf3 Bxf3 32. Qg3 Re7 33. Rc5 Qd2+ 34. Kh3 Qxd3 35. Qxf3 Rxf3+ 0-1


[Site "https://www.chess.com"]

[Event "Titled Tuesday Blitz March 28 Early 2023"]
[White "Turayev, Shahruh"]
[Black "Stalri"]
[WhiteFideId "14003856"]
[WhiteElo "2171"]
[BlackElo "2295"]
[Result "0-1"]
[Round "01"]
[TimeControl "180+2"]
[Date "2023.03.28"]
[WhiteClock "0:00:07"]
[BlackClock "0:00:05"]

1. e4 c5 2. Nc3 Nc6 3. Bb5 Nd4 4. Bc4 e6 5. Nge2 a6 6. a4 Nf6 7. O-O d5 8. exd5 exd5 9. Ba2 Nxe2+ 10. Qxe2+ Be7 11. Re1 Be6 12. d3 O-O 13. Bg5 Re8 14. Qf3 Rb8 15. h3 h6 16. Bh4 d4 17. Bxf6 Bxf6 18. Ne4 Bxa2 19. Rxa2 Be7 20. Raa1 Qd7 21. Re2 f5 22. Ng3 g6 23. Rae1 Kf7 24. b3 Bf6 25. Rxe8 Rxe8 26. Rxe8 Kxe8 27. Qf4 Qe7 28. Qxh6 Qe1+ 29. Nf1 Kf7 30. Qd2 Qe6 31. Ng3 b5 32. Qe2 Be5 33. axb5 axb5 34. Nf1 Kf6 35. Nd2 Bh2+ 36. Kf1 Qxe2+ 37. Kxe2 Bf4 38. g3 Bc7 39. Nb1 b4 40. Nd2 g5 41. Kf3 Kg6 42. g4 Kf6 43. Nc4 Ke6 44. Nd2 Ke5 45. Nf1 f4 46. Nd2 Kd5 47. Ne4 Bd8 48. h4 gxh4 49. Kxf4 Bc7+ 50. Kf3 h3 51. g5 Ke6 52. Nxc5+ Kf5 53. Ne4 Be5 54. Nc5 Kxg5 55. Nd7 Bd6 56. Nb6 Kf5 57. Nc4 Bc7 58. Nd2 Bb8 59. Nf1 Be5 60. Ng3+ Kg5 61. Ne4+ Kf5 62. Nc5 Bc7 63. Na4 Kg5 64. Nb2 Bd6 65. Nc4 Bc7 66. Nd2 Kf5 67. Nf1 Be5 68. Ng3+ Kg5 69. Nh1 h2 70. Kg2 Kg4 71. Ng3 Bxg3 72. fxg3 h1=Q+ 73. Kxh1 Kxg3 74. Kg1 Kf3 75. Kf1 Ke3 76. Ke1 Kf3 77. Kf1 Ke3 78. Ke1 Kf3 79. Kd2 Kf2 80. Kd1 Kf1 81. Kc1 Ke2 82. c4 bxc3 83. b4 Kxd3 84. b5 Ke2 85. b6 d3 86. b7 d2+ 87. Kc2 d1=Q+ 88. Kxc3 Qd8 89. Kc4 Qb8 90. Kc5 Qxb7 0-1


[Site "https://www.chess.com"]

[Event "Titled Tuesday Blitz March 28 Early 2023"]
[White "Shtompel, Yuriy"]
[Black "The_Sherman_Variation"]
[WhiteFideId "14168278"]
[WhiteElo "1844"]
[BlackElo "2628"]
[Result "0-1"]
[Round "01"]
[TimeControl "180+2"]
[Date "2023.03.28"]
[WhiteClock "0:00:01"]
[BlackClock "0:00:27"]

1. e4 e6 2. d4 d5 3. e5 c5 4. c3 Nc6 5. Nf3 cxd4 6. cxd4 Qb6 7. Bd3 Nh6 8. O-O Nf5 9. Bxf5 exf5 10. Nc3 Be6 11. Rb1 h6 12. h4 Be7 13. b4 O-O-O 14. Be3 g5 15. b5 Na5 16. Na4 Qc7 17. b6 axb6 18. Nxb6+ Kb8 19. Qa4 Qc3 20. Rb3 Nxb3 21. axb3 g4 22. Rc1 Qxc1+ 23. Bxc1 gxf3 24. g3 Rhg8 25. Kh2 Rg4 26. Qa8+ Kc7 27. Qa5 Kc6 28. Bf4 Rdg8 29. Na4 Rb8 30. Qb6+ Kd7 31. Qa7 Kc7 32. Qa5+ b6 33. Qa7+ Rb7 34. Qa6 Bxh4 35. gxh4 Rxf4 36. Nc3 Rxh4+ 37. Kg1 Rg4+ 38. Kf1 h5 39. Nb5+ Kc6 40. Qa4 h4 41. Nd6+ Kc7 42. Ne8+ Kd8 43. Nf6 h3 44. Qe8+ Kc7 45. Qh8 Rxd4 46. Ke1 Ra7 47. Ne8+ Kc6 48. Qxh3 Ra1# 0-1


[Site "https://www.chess.com"]

[Event "Titled Tuesday Blitz March 28 Early 2023"]
[White "Gontcharov, Vladislav"]
[Black "Wilson, Elvin"]
[WhiteFideId "4123492"]
[BlackFideId "2014874"]
[WhiteElo "2470"]
[BlackElo "2279"]
[Result "0-1"]
[Round "01"]
[TimeControl "180+2"]
[Date "2023.03.28"]
[WhiteClock "0:00:01"]
[BlackClock "0:00:09"]

1. d4 Nf6 2. c4 e6 3. Nc3 Bb4 4. e3 O-O 5. Bd3 d5 6. Nf3 c5 7. O-O cxd4 8. exd4 dxc4 9. Bxc4 b6 10. Qe2 Bb7 11. Rd1 Nbd7 12. a3 Bxc3 13. bxc3 Rc8 14. Bd2 Qc7 15. Bd3 Ng4 16. Bxh7+ Kh8 17. Be4 Bxe4 18. Qxe4 Ngf6 19. Qh4+ Kg8 20. Ng5 Qd6 21. Bf4 Qd5 22. Rd3 Rfe8 23. Rh3 Kf8 24. Qh8+ Ke7 25. Qxg7 Rf8 26. Re1 Rc6 27. Rhe3 Ke8 28. Nh7 Rg8 29. Nxf6+ Nxf6 30. Qxg8+ Nxg8 31. h3 Nf6 32. Be5 Nd7 33. Bg3 Ke7 34. h4 Qb3 35. h5 Rxc3 36. h6 Rxe3 37. Rxe3 Qb1+ 38. Kh2 Qg6 39. Bf4 Qh5+ 40. Kg1 Qg6 41. Rh3 Qh7 42. Bg5+ f6 43. Be3 Nf8 44. g4 Ng6 45. f4 f5 46. g5 Kd7 47. Kf2 Kc6 48. Rh1 Kd5 49. Kf3 Nf8 50. Rc1 Qg6 51. Rc8 Qh5+ 52. Kf2 Qh2+ 53. Kf3 Qh1+ 54. Kf2 Qh4+ 55. Kf3 Ng6 56. Rg8 Qh5+ 57. Kf2 Qh4+ 58. Kf3 Kc4 59. Rg7 Kd3 0-1


[Site "https://www.chess.com"]

[Event "Titled Tuesday Blitz March 28 Early 2023"]
[White "Levitan, Caleb Levi"]
[Black "Ingebretsen, Jens E"]
[WhiteFideId "14332620"]
[BlackFideId "1522965"]
[WhiteElo "1963"]
[BlackElo "2213"]
[Result "0-1"]
[Round "01"]
[TimeControl "180+2"]
[Date "2023.03.28"]
[WhiteClock "0:00:07"]
[BlackClock "0:00:15"]

1. e4 e5 2. Nf3 Nc6 3. Bc4 Bc5 4. c3 Nf6 5. d3 O-O 6. O-O d6 7. h3 a5 8. a4 Ba7 9. Nbd2 h6 10. Re1 Re8 11. Nf1 Be6 12. Bxe6 Rxe6 13. Ng3 Ne7 14. Nh4 Ng6 15. Nhf5 d5 16. Qf3 Kh7 17. Be3 Bxe3 18. Nxe3 c6 19. Ngf5 Qd7 20. Rad1 Rd8 21. Qg3 Nh5 22. Qg4 Ngf4 23. g3 Rg6 24. Qf3 Nf6 25. Kh2 Ne6 26. Nh4 Rg5 27. Nef5 Nc5 28. Qe3 d4 29. cxd4 exd4 30. Qf4 Ne6 31. Qf3 Qc7 32. e5 Nd5 33. Qe4 Kg8 34. Nd6 Rxd6 35. exd6 Qxd6 36. Nf5 Qd7 37. Nxd4 Rg6 38. Nxe6 Rxe6 39. Qg4 Nf6 40. Qf5 Qd4 41. Rxe6 fxe6 42. Qxe6+ Kh8 43. Qe3 Qxb2 44. Re1 Qb3 45. Qd4 Qc2 46. Qa7 Qd2 47. Rf1 Qxd3 48. Qxb7 Qe4 49. Qc8+ Kh7 50. Rd1 Nd5 51. Qg4 Qc2 52. Re1 Qxf2+ 53. Kh1 Qxe1+ 54. Kg2 Ne3+ 55. Kf3 Nxg4 56. hxg4 Qb4 57. g5 Qxa4 58. g6+ Kxg6 59. g4 Qb4 60. Kf2 a4 61. Kf1 a3 62. g5 a2 63. gxh6 Kxh6 64. Kg2 a1=Q 65. Kg3 Qac3+ 66. Kf2 Qbb2+ 67. Kf1 Qcc1# 0-1


[Site "https://www.chess.com"]

[Event "Titled Tuesday Blitz March 28 Early 2023"]
[White "Godzwon, Iwo"]
[Black "Avalos Parra, Joao"]
[WhiteFideId "21802483"]
[BlackFideId "3402541"]
[WhiteElo "2284"]
[BlackElo "2173"]
[Result "1-0"]
[Round "01"]
[TimeControl "180+2"]
[Date "2023.03.28"]
[WhiteClock "0:01:05"]
[BlackClock "0:00:18"]

1. e4 e5 2. Nf3 Nc6 3. Bb5 a6 4. Ba4 Nf6 5. O-O b5 6. Bb3 Bc5 7. a4 Rb8 8. axb5 axb5 9. Nxe5 Nxe5 10. d4 Bxd4 11. Qxd4 d6 12. f4 c5 13. Qc3 Ned7 14. e5 Ne4 15. Qe3 Bb7 16. Nd2 Nxd2 17. Bxd2 O-O 18. exd6 c4 19. Ba2 Re8 20. Qd4 Re4 21. Qf2 Nf6 22. Rad1 Qxd6 23. Bc3 Qe6 24. Be5 Re8 25. Rd6 Qe7 26. Qg3 Nh5 27. Qg4 g6 28. Qd7 Qxd7 29. Rxd7 Bc6 30. Rd6 Ba8 31. h3 f6 32. Bc3 Nxf4 33. Rxf6 Ne2+ 34. Kh2 Nxc3 35. bxc3 Re2 36. R6f2 Kg7 37. Bb1 Rxf2 38. Rxf2 Re1 39. Rd2 Rxb1 40. Rd7+ Kh6 41. Ra7 Be4 42. Re7 Bxc2 43. g4 Bd3 44. h4 Re1 45. Rxe1 Kg7 46. Re5 b4 47. cxb4 c3 48. Rc5 c2 49. Kg3 Kf6 50. Kf4 Ke6 51. Ke3 1-0


[Site "https://www.chess.com"]

[Event "Titled Tuesday Blitz March 28 Early 2023"]
[White "Zavortink, Matt"]
[Black "Sochacki, Christophe"]
[WhiteFideId "2034263"]
[BlackFideId "662569"]
[WhiteElo "2274"]
[BlackElo "2474"]
[Result "0-1"]
[Round "01"]
[TimeControl "180+2"]
[Date "2023.03.28"]
[WhiteClock "0:00:09"]
[BlackClock "0:00:18"]

1. c4 e5 2. Nc3 Nc6 3. Nf3 Bc5 4. e3 d6 5. d4 Bb6 6. b4 a5 7. b5 Nce7 8. dxe5 a4 9. exd6 cxd6 10. Be2 Nf6 11. O-O Be6 12. Nxa4 Bc7 13. Nd4 d5 14. c5 O-O 15. Bb2 Nf5 16. Bf3 Qe7 17. Rc1 Nh4 18. b6 Bb8 19. c6 Nxf3+ 20. Nxf3 bxc6 21. b7 Qxb7 22. Bxf6 gxf6 23. Nc5 Qe7 24. Rc2 Bg4 25. Qd4 h5 26. Rfc1 Be5 27. Qd3 Bd6 28. Qd4 Kh7 29. Kh1 Rg8 30. a4 Be5 31. Nxe5 fxe5 32. Qd3+ e4 33. Qd4 Qg5 34. Rg1 Bf3 0-1


[Site "https://www.chess.com"]

[Event "Titled Tuesday Blitz March 28 Early 2023"]
[White "Orlov, Georgi"]
[Black "Bogaudinov, Rushan"]
[WhiteFideId "2011271"]
[BlackFideId "4129288"]
[WhiteElo "2620"]
[BlackElo "1949"]
[Result "0-1"]
[Round "01"]
[TimeControl "180+2"]
[Date "2023.03.28"]
[WhiteClock "0:00:07"]
[BlackClock "0:00:09"]

1. d4 d5 2. Nf3 Nf6 3. Bf4 c5 4. e3 Nc6 5. Nbd2 Bg4 6. c3 e6 7. h3 Bh5 8. Qa4 Qb6 9. b3 Bxf3 10. Nxf3 Be7 11. Ne5 O-O 12. Bd3 Nxe5 13. Bxe5 cxd4 14. Qxd4 Qxd4 15. exd4 Rac8 16. Kd2 Nd7 17. Bf4 Bf6 18. Rhe1 a6 19. a4 Rfe8 20. Bg3 g6 21. f4 h5 22. Bf2 h4 23. a5 Nb8 24. b4 Nc6 25. Be3 Kg7 26. Reb1 Na7 27. b5 axb5 28. Bxb5 Nxb5 29. Rxb5 Rc7 30. Rab1 Ra8 31. Kd3 Rc6 32. Rc5 Rxc5 33. dxc5 Rxa5 34. Rxb7 Ra4 35. Bd4 Rc4 36. Rc7 Bxd4 37. cxd4 Kf6 38. Rd7 Rc1 39. Rd6 Ke7 40. Ra6 Rc4 41. Ra7+ Kf6 42. Rb7 Rc1 43. Rb6 Rc4 44. Rb2 Rc1 45. Rc2 Rxc2 46. Kxc2 Ke7 47. Kd3 Kd7 48. Ke3 Kc6 49. Kf3 f6 50. g3 hxg3 51. Kxg3 e5 52. fxe5 fxe5 53. dxe5 Kxc5 54. Kf4 Kc6 55. h4 Kd7 56. Ke3 Ke7 57. Kd3 Kd7 58. Ke3 Ke7 59. Kf4 Ke6 60. Kg5 d4 61. Kxg6 d3 62. h5 d2 63. h6 d1=Q 64. h7 Qg1+ 65. Kh6 Qh2+ 66. Kg7 Qxe5+ 67. Kg8 Qg5+ 68. Kf8 Qe7+ 0-1


[Site "https://www.chess.com"]